 Dungeon Crawl Stone Soup version 0.29.0-4-gdea44cf6ec (webtiles) character file.

Game seed: 6019009334611692305

59 qw the Chopper (level 4, -3/26 HPs)
             Began as a Tengu Warper on Aug 28, 2022.
             Slain by a gnoll
             ... wielding a +0 whip
              (4 damage)
             ... on level 2 of the Dungeon.
             The game lasted 00:00:07 (1651 turns).

qw the Chopper (Tengu Warper)                       Turns: 1651, Time: 00:00:08

Health: -3/26      AC:  6    Str: 13    XL:     4   Next: 3%
Magic:  8/8        EV:  9    Int: 14    God:
Gold:   46         SH:  0    Dex: 13    Spells: 7/7 levels left

rFire   . . .      SeeInvis .   Y - +0 hand axe
rCold   . . .      Faith    .   (no shield)
rNeg    . . .      Spirit   .   f - +0 scale mail
rPois   .          Reflect  .   (helmet restricted)
rElec   .          Harm     .   (no cloak)
rCorr   .          Rampage  .   (no gloves)
Will    .....                   (boots unavailable)
Stlth   ..........              (no amulet)
HPRegen 0.08/turn               (no ring)
MPRegen 0.11/turn               (no ring)

@: lethally poisoned (-3 -> -8)
A: beak, talons 3
a: no special abilities


You were on level 2 of the Dungeon.
You visited 1 branch of the dungeon, and saw 2 of its levels.

You collected 46 gold pieces.


Innate Abilities, Weirdness & Mutations

You have a beak for a mouth.
You have claws for feet.


   Skills:
 - Level 2.0 Fighting
 + Level 4.6 Axes
 - Level 1.0 Throwing
 - Level 1.1 Armour
 - Level 2.1 Dodging
 - Level 2.0 Spellcasting
 - Level 2.4 Translocations


You had 7 spell levels left.
You didn't know any spells.
Your spell library contained the following spells:

 Spells                   Type           Power      Damage    Failure   Level
 Blink                    Tloc           16%        N/A       54%         2
 Gell's Gravitas          Tloc           8%         N/A       78%         3
 Lesser Beckoning         Tloc           8%         N/A       78%         3
 Teleport Other           Tloc           8%         N/A       78%         3
 Manifold Assault         Tloc           8%         N/A       100%        5

Inventory:

Hand Weapons
 i - a +0 flail
 Y - a +0 hand axe (weapon)
Armour
 f - a +0 scale mail (worn)
Potions
 e - a potion of magic {unknown}
 h - a potion of curing {unknown}

Dungeon Overview and Level Annotations

Branches:
Dungeon (2/15)

Altars:


Message History

You have reached level 4!
You feel clever.
You start resting.
HP restored.
Things that are here:
a +0 dagger; a +0 robe A goblin comes into view.
It is wielding a +1 dagger of speed.
You barely miss the goblin.
The goblin hits you but does no damage. x2
You hit the goblin.
You kill the goblin!
Things that are here:
a +1 dagger of speed; a goblin corpse A rat and 2 gnolls come into view.
A gnoll is wielding a +1 halberd of venom.
The gnoll shouts!
You hear a shout!
A gnoll comes into view. It is wielding a +0 club.
The gnoll shouts!
A gnoll comes into view. It is wielding a +0 halberd.
The gnoll shouts!
The gnoll hits you with a +1 halberd of venom.
You are poisoned.
You hit the gnoll. You claw the gnoll. You peck the gnoll, but do no damage.
The gnoll is heavily wounded.
You closely miss the rat.
You feel very sick. The rat bites you but does no damage.
You barely miss the gnoll.
The gnoll is heavily wounded.
You closely miss the gnoll. You hit the rat.
You kill the rat!
You feel sick. The gnoll barely misses you.
The gnoll hits you with a +1 halberd of venom!
The gnoll barely misses you.
You hit the gnoll. You peck the gnoll.
You kill the gnoll!
You hit the gnoll. x2
You feel sick.
The gnoll hits you from afar with a +0 halberd.
The gnoll hits you with a +0 whip.
You die...

#### ############ #...
#..........#########.##
#.....)...)......#.....
#....g@....#####)#....#
#...g##g#### #.##....
#... ...# #.......
#.....### #####...
#..... #... #.... #...
.... #### ###


You could see 3 gnolls.

Vanquished Creatures
  Jessica (D:2)
  A gnoll (D:2)
  2 ball pythons
  2 endoplasms
  3 giant cockroaches
  6 goblins
  A hobgoblin (D:1)
  2 jackals (D:1)
  4 kobolds (D:1)
  2 quokkas (D:1)
  4 bats (D:1)
  A rat (D:2)
29 creatures vanquished.

Vanquished Creatures (others)
  8 toadstools (D:2)
8 creatures vanquished.

Grand Total: 37 creatures vanquished

Notes
Turn   | Place    | Note
-------+----------+-------------------------------------------
     0 | D:1      | qw the Tengu Warper began the quest for the Orb.
     0 | D:1      | Reached XP level 1. HP: 12/12 MP: 4/4
     0 | D:1      | 0 ||| qw: Version: 0.1-a-89-g26bdef1
     0 | D:1      | 0 ||| qw: Game counter: 1283
     0 | D:1      | 0 ||| qw: Always use a shield: true
     0 | D:1      | 0 ||| qw: God list: Okawaru
     0 | D:1      | 0 ||| qw: Allow faded altars: false
     0 | D:1      | 0 ||| qw: Do Orc after D:15 true
     0 | D:1      | 0 ||| qw: Do second Lair branch before Depths: true
     0 | D:1      | 0 ||| qw: Lair rune preference: random
     0 | D:1      | 0 ||| qw: Plans: Normal
     0 | D:1      | 0 ||| PLANNING D:1-11
   391 | D:1      | Reached skill level 3 in Axes
   391 | D:1      | Reached XP level 2. HP: 12/17 MP: 6/6
   608 | D:1      | 608 ||| DROPPING +0 whip.
   615 | D:1      | 615 ||| Stepping ~*~*~tactically~*~*~ (stealth).
   623 | D:1      | 623 ||| Stepping ~*~*~tactically~*~*~ (stealth).
   624 | D:1      | 624 ||| Stepping ~*~*~tactically~*~*~ (stealth).
   948 | D:1      | Found a faded altar of an unknown god.
  1157 | D:1      | Reached XP level 3. HP: 21/21 MP: 7/7
  1279 | D:1      | 1279 ||| UPGRADING to +0 scale mail.
  1289 | D:1      | 1289 ||| DROPPING +0 leather armour.
  1290 | D:1      | 1290 ||| READING scroll labelled DOMYOG BIUWN.
  1291 | D:1      | 1291 ||| READING scroll labelled HUFUOM VUG.
  1292 | D:1      | 1292 ||| DROPPING scroll of blinking.
  1385 | D:2      | Noticed Jessica
  1390 | D:2      | HP: 5/21 [Jessica/nerve-wracking pain (2)]
  1391 | D:2      | Killed Jessica
  1392 | D:2      | Reached skill level 4 in Axes
  1393 | D:2      | Reached XP level 4. HP: 7/26 MP: 8/8
  1651 | D:2      | HP: 1/26 [gnoll/+0 halberd (6)]
  1651 | D:2      | Slain by a gnoll

Levels and vault maps discovered:
D:1:      minmay_arrival_solitary_statue, layout_basic,
          hellmonk_ecumenical_altar_pennies_from_heaven, minmay_unequal
D:2:      cheibrodos_fertilizer, layout_basic, basic_altar, uniq_jessica

Skill      XL: |  1  2  3 |
---------------+----------+-----
Axes           | 3 4 |  4.6
Fighting       | |  2.0
Throwing       | |  1.0
Armour         | |  1.1
Dodging        | |  2.1
Spellcasting   | |  2.0
Translocations | |  2.4

Action                   |  1- 3 |  4- 6 || total
-------------------------+-------+-------++-------
Melee: Hand axe          |    57 |     5 ||    62
       Kick              |    16 |     1 ||    17
       Peck              |     9 |     2 ||    11
Throw: Boomerang         |     7 |       ||     7
  Use: Scroll            |     2 |       ||     2
Armor: Leather armour    |     8 |       ||     8
       Scale mail        |     3 |     3 ||     6
Dodge: Dodged            |    37 |     2 ||    39

Table legend:
 A = Non-vault XP
 B = Vault XP
 C = Vault XP percentage of total XP
 D = Non-vault monster count
 E = Vault monster count
 F = Vault count percentage of total count
                 A         B        C        D         E       F
            +---------+---------+-------+---------+---------+-------
      Total |      55 |      43 |  43.9 |      25 |       4 |  13.8
            +---------+---------+-------+---------+---------+-------
        D:1 |      31 |       6 |  16.2 |      18 |       3 |  14.3
        D:2 |      24 |      37 |  60.7 |       7 |       1 |  12.5
            +---------+---------+-------+---------+---------+-------
